 Dungeon Crawl Stone Soup version 0.28.0-53-g5a82cb258f (webtiles) character file.

Game seed: 15254423789264058138

3327 Lennethare the Destroyer (level 9, -5/52 HPs)
             Began as a Deep Elf Conjurer on June 30, 2022.
             Slain by an orc warrior
             ... wielding a +0 battleaxe
              (25 damage)
             ... on level 6 of the Dungeon on July 1, 2022.
             The game lasted 00:22:21 (8752 turns).

Lennethare the Destroyer (Deep Elf Conjurer)        Turns: 8752, Time: 00:22:22

Health: -5/52      AC:  8    Str:  8    XL:     9   Next: 71%
Magic:  1/18       EV: 13    Int: 24    God:
Gold:   244        SH:  0    Dex: 13    Spells: 11/18 levels left

rFire   . . .      SeeInvis .   y - +1 dagger (holy)
rCold   . . .      Faith    .   (no shield)
rNeg    . . .      Spirit   .   w - +0 leather armour
rPois   .          Reflect  .   o - +0 helmet
rElec   .          Harm     .   A - +0 cloak
rCorr   +          Rampage  .   p - +0 pair of gloves
Will    .....                   t - +0 pair of boots
Stlth   +++.......              (no amulet)
HPRegen 0.17/turn               u - ring of resist corrosion
MPRegen 0.16/turn               (no ring)

@: no status effects
A: no striking features
a: no special abilities


You were on level 6 of the Dungeon.
You visited 1 branch of the dungeon, and saw 7 of its levels.

You collected 322 gold pieces.
You spent 78 gold pieces at shops.

Inventory:

Hand Weapons
 f - a +0 dagger of venom
 v - a +0 rapier
 y - a +1 dagger of holy wrath (weapon)
Missiles
 j - 2 throwing nets
Armour
 a - a +0 robe
 o - a +0 helmet (worn)
 p - a +0 pair of gloves (worn)
 t - a +0 pair of boots (worn)
 w - a +0 leather armour (worn)
 A - a +0 cloak (worn)
 D - a +0 ring mail
Magical Staves
 B - a staff of poison
Jewellery
 u - a ring of resist corrosion (left hand)
Scrolls
 c - a scroll of vulnerability {unknown}
 d - 2 scrolls of amnesia {unknown}
 e - 2 scrolls of brand weapon {unknown}
 g - 11 scrolls of identify {unknown}
 k - a scroll of holy word {unknown}
 l - 3 scrolls of enchant weapon {unknown}
 q - a scroll of fear {unknown}
 r - 6 scrolls of fog {unknown}
 s - 2 scrolls of teleportation {unknown}
 x - 2 scrolls of enchant armour {unknown}
 C - a scroll of silence {unknown}
Potions
 b - a potion of cancellation {unknown}
 h - 5 potions of curing
 i - a potion of attraction {unknown}
 m - 2 potions of invisibility
 n - 3 potions of lignification
 z - a potion of might {unknown}


   Skills:
 + Level 3.8 Fighting
 + Level 3.8 Armour
 + Level 6.1 Dodging
 + Level 6.6 Stealth
 - Level 5.0 Spellcasting
 + Level 8.2 Conjurations
 - Level 7.0 Hexes
 + Level 4.4 Evocations


You had 11 spell levels left.
You knew the following spells:

 Your Spells              Type           Power      Damage    Failure   Level
a - Magic Dart            Conj           100%       1d8       1%          1
b - Searing Ray           Conj           90%        2d7       1%          2
c - Fulminant Prism       Conj/Hex       21%        3d13      5%          4

Your spell library contained the following spells:

 Spells                   Type           Power      Damage    Failure   Level
 Dazzling Flash           Conj/Hex       84%        N/A       1%          3
 Iskenderun's Mystic Bla  Conj/Tloc      25%        2d7       22%         4


Dungeon Overview and Level Annotations

Branches:
Dungeon (7/15)
 Temple: D:4-7

Altars:
Okawaru
Wu Jian

Shops:
D:2 !


Message History

The orc warrior is almost dead.
The searing ray hits the orc priest.
The orc priest is moderately wounded. (Press . to maintain the ray.)
The orc priest miscasts a cantrip.
Your fulminant prism crackles loudly.
The searing ray hits the orc priest!
The orc priest is almost dead.
Your fulminant prism explodes!
The blast of energy engulfs the orc priest!!
You kill the orc priest!
The searing ray hits the orc warrior.
The orc warrior is almost dead.
An orc priest comes into view. It is wielding a +0 club.
The orc warrior misses you.
Casting: Searing Ray (safe; 1% risk of failure)
Confirm with . or Enter, or press ? or * to list all spells.
You don't have enough magic to cast this spell.
An orc comes into view. It is wielding a +0 trident.
An orc comes into view. It is wielding a +0 hand axe.
The orc warrior closely misses you.
The orc priest calls upon Beogh to heal the orc warrior.
The orc warrior is healed somewhat.
You see here a water moccasin corpse.
The orc priest casts a cantrip, but nothing happens.
There is a stone staircase leading up here.
The orc warrior hits you with a +0 battleaxe!
You climb upwards.
There is a stone staircase leading down here.
Casting: Searing Ray (safe; 1% risk of failure)
Confirm with . or Enter, or press ? or * to list all spells.
Aiming: Fulminant Prism (dangerous; 5% risk of failure)
Press: ? - help, Dir - move target You conjure a prism of explosive energy!
A fulminant prism comes into view.
The orc warrior hits you with a +0 battleaxe!!
The orc warrior hits your fulminant prism with a +0 battleaxe!!
Your fulminant prism detonates feebly.
The orc warrior hits you with a +0 battleaxe!!
You die...

#.#....##.#.#..#.###########.....
#.#....##.#.#..#.# ######
#.#.....#.#.#..#.#
#.#...#.#.#.#..#.#
#.#####.#.#.#..#.#
#.......#.#.#..#.#
#########.#.#..#.#
..........#.#..#.#
.#######..#.#..#@# .#
#.........#o# .#####.#.......#>##
.z.n.#.###...#....#
####O#............# #
#.#########....# # #.# ###### #
#.# # #.#


You could see an orc warrior.

Vanquished Creatures
  A two-headed ogre (D:6)
  Prince Ribbit (D:6)
  3 yaks (D:6)
  Eustachio (D:5)
  A water moccasin (D:7)
  2 ice beasts
  2 black bears
  2 necrophages (D:6)
  3 ogres
  3 phantoms
  3 scorpions
  A water moccasin skeleton (D:4)
  A wight (D:6)
  A vampire bat (D:4)
  A hound (D:4)
  A centaur skeleton (D:6)
  2 orc priests
  3 jellies
  A gnoll shaman (D:4)
  2 iguanas
  A killer bee zombie (D:6)
  A howler monkey zombie (D:7)
  7 gnolls
  3 adders
  2 worms
  2 dart slugs (D:2)
  3 fire bats (D:4)
  9 orcs
  2 spectral bats (D:4)
  6 ball pythons
  15 bats
  3 bat skeletons (D:4)
  A bat zombie (D:4)
  10 endoplasms
  A giant cockroach (D:2)
  8 hobgoblins
  7 jackals
  3 kobolds
  2 quokkas (D:4)
  A bat simulacrum (D:4)
  3 frilled lizards
  9 goblins
  2 rats
136 creatures vanquished.

Vanquished Creatures (others)
  34 fulminant prisms
  25 plants (D:4)
59 creatures vanquished.

Grand Total: 195 creatures vanquished

Notes
Turn   | Place    | Note
-------+----------+-------------------------------------------
     0 | D:1      | Lennethare the Deep Elf Conjurer began the quest for the
                  | Orb.
     0 | D:1      | Reached XP level 1. HP: 10/10 MP: 6/6
   304 | D:1      | Reached XP level 2. HP: 15/15 MP: 6/9
   307 | D:1      | Learned a level 2 spell: Searing Ray
   811 | D:2      | Reached XP level 3. HP: 19/19 MP: 4/11
   931 | D:2      | Reached skill level 1 in Hexes
  1094 | D:2      | Reached skill level 5 in Spellcasting
  1571 | D:2      | Found Mofanesh's Distillery.
  1584 | D:2      | Bought a potion of curing for 39 gold pieces
  1584 | D:2      | Bought a potion of lignification for 39 gold pieces
  1969 | D:3      | Reached XP level 4. HP: 24/24 MP: 5/13
  1974 | D:3      | Learned a level 4 spell: Fulminant Prism
  2997 | D:4      | Reached skill level 5 in Conjurations
  2997 | D:4      | Reached XP level 5. HP: 28/28 MP: 7/14
  3402 | D:4      | Reached skill level 5 in Hexes
  3579 | D:4      | Noticed a phantom
  3905 | D:4      | Found an ornate altar of the Wu Jian Council.
  3938 | D:4      | Noticed an ogre
  3943 | D:4      | Killed an ogre
  3944 | D:4      | Reached XP level 6. HP: 7/32 MP: 8/15
  4725 | D:4      | Reached skill level 6 in Conjurations
  4813 | D:4      | Reached XP level 7. HP: 36/36 MP: 3/16
  5194 | D:5      | Entered Level 5 of the Dungeon
  5250 | D:5      | Noticed Eustachio
  5287 | D:5      | Killed Eustachio
  5288 | D:5      | Reached skill level 1 in Fighting
  5288 | D:5      | Reached skill level 1 in Armour
  5726 | D:5      | You fall into a shaft and drop 1 floor!
  6343 | D:5      | Found an iron altar of Okawaru.
  6614 | D:5      | Reached XP level 8. HP: 44/44 MP: 11/17
  6726 | D:6      | Noticed a two-headed ogre
  6732 | D:6      | Killed a two-headed ogre
  6733 | D:6      | Reached skill level 5 in Stealth
  6733 | D:6      | Reached skill level 7 in Conjurations
  7083 | D:6      | Reached skill level 5 in Dodging
  7451 | D:6      | Reached XP level 9. HP: 49/49 MP: 9/18
  8231 | D:6      | Reached skill level 8 in Conjurations
  8350 | D:6      | Noticed Prince Ribbit
  8355 | D:6      | Killed Prince Ribbit
  8752 | D:6      | Slain by an orc warrior

Illustrated notes

Levels and vault maps discovered:
D:1:      shiori_arrival_maze, layout_rooms, minmay_tiny_reverse_x
D:2:      layout_basic, serial_shops, nicolae_shop_crystal,
          kennysheep_generic_room_15
D:3:      layout_basic
D:4:      layout_gridville, mainiacjoe_overflow_24_doors, serial_bayou,
          serial_bayou_pond_d, serial_bayou_lake_a, serial_bayou_shore_a,
          serial_bayou_shore_b, serial_bayou_crossing,
          kennysheep_big_empty_room, palyth_stone_intersect, goddamned_bats
D:5:      layout_layer_cave, lemuel_tele_altar, kennysheep_path_1,
          uniq_eustachio
D:6:      layout_basic, wad_rectangle_vault, uniq_prince_ribbit1
D:7:      layout_gridville, gammafunk_temple_overflow_claw,
          minmay_temple_entry_wispy, gammafunk_ghost_berserking_beasts,
          grunt_ministairs_11

Skill      XL: |  1  2  3  4  5  6  7  8  9 |
---------------+----------------------------+-----
Spellcasting   | 4 5 |  5.0
Hexes          | 2 3 5 7 |  7.0
Conjurations   | 5 6 7 8 |  8.2
Fighting       | 1 2 3 |  3.8
Armour         | 1 2 3 |  3.8
Dodging        | 3 5 6 |  6.1
Stealth        | 3 5 6 |  6.6
Evocations     | 3 4 |  4.4

Action                   |  1- 3 |  4- 6 |  7- 9 || total
-------------------------+-------+-------+-------++-------
Melee: Dagger            |     1 |    21 |    16 ||    38
 Cast: Magic Dart        |    65 |    49 |    32 ||   146
       Searing Ray       |     3 |    15 |    25 ||    43
       Fulminant Prism   |       |     3 |    31 ||    34
 Stab: Sleeping          |     1 |     1 |       ||     2
       Distracted        |       |       |     1 ||     1
Armor: Robe              |     1 |    20 |     5 ||    26
       Leather armour    |       |       |     5 ||     5
Dodge: Dodged            |     6 |    48 |    23 ||    77
